 Seeded DCSS version 0.27-a0-1200-g94dc6ad4cf (webtiles) character file.

Game seed: 3890396941839208523 (custom seed)

270222 flotson the Unseen (level 20, -22/160 HPs)
             Began as a Gnoll Delver on May 31, 2021.
             Was an Initiate of Gozag.
             Annihilated by an ettin
             ... wielding a +0 dire flail
              (26 damage)
             ... while paralysed by a vampire knight
             ... on level 4 of the Depths.
             The game lasted 02:34:21 (82313 turns).

flotson the Unseen (Gnoll Delver)                  Turns: 82313, Time: 02:34:22

Health: -22/160    AC: 35    Str: 23    XL:     20   Next: 95%
Magic:  0/37       EV:  2    Int: 20    God:    Gozag
Gold:   1896       SH:  0    Dex: 12    Spells: 17/45 levels left

rFire    + + +     SeeInvis .   a - +4 broad axe (vamp)
rCold    + . .     Faith    .   q - +0 tower shield
rNeg     . . .     Spirit   +   D - +9 gold dragon scales
rPois    +         Reflect  .   r - +2 helmet
rElec    +         Harm     .   j - scarf {repulsion}
rCorr    +         Rampage  .   Q - +0 pair of gloves
Will     +....                  T - +0 pair of boots of the Equinox {rF+}
Stlth    ..........             L - amulet of guardian spirit
HPRegen  0.36/turn              u - ring "Tipomoif" {rElec rF+ EV+4 Int+5}
MPRegen  0.25/turn              N - ring "Jips" {Wiz rCorr Str+4 Int+4}

@: paralysed, repel missiles
A: fangs 1, strong nose, distributed training, clumsy 1
a: Renounce Religion, Potion Petition, Call Merchant, Bribe Branch


You were on level 4 of the Depths.
You worshipped Gozag.
Gozag was most pleased with you.
You visited 8 branches of the dungeon, and saw 36 of its levels.
You visited the Abyss 1 time.
You also visited: Sewer, Ice Cave and Volcano.

You collected 13285 gold pieces.
You spent 9704 gold pieces at shops.
You paid 1685 gold pieces to Gozag.

Inventory:

Hand Weapons
 a - a +4 vampiric broad axe (weapon)
Missiles
 m - 4 boomerangs of dispersal
 n - a curare-tipped dart
 v - an atropa-tipped dart
 E - 8 throwing nets
 Z - 17 silver javelins (quivered)
Armour
 j - a scarf of repulsion (worn)
 q - a +0 tower shield (worn)
 r - a +2 helmet (worn)
 D - +9 gold dragon scales (worn)
 Q - a +0 pair of gloves (worn)
 T - the +0 pair of boots of the Equinox (worn) {rF+}
   (You bought it in a shop on level 2 of the Orcish Mines)

   It protects you from fire.
Jewellery
 s - a ring of flight
 t - a +4 ring of slaying
 u - the ring "Tipomoif" (left hand) {rElec rF+ EV+4 Int+5}
   (You bought it in a shop on level 2 of the Orcish Mines)

   [ring of evasion]

   It affects your evasion (+4).
   It affects your intelligence (+5).
   It protects you from fire.
   It insulates you from electricity.
 F - a ring of see invisible
 L - an amulet of guardian spirit (around neck)
 N - the ring "Jips" (right hand) {Wiz rCorr Str+4 Int+4}
   (You bought it in a shop on level 6 of the Dungeon)

   [ring of wizardry]

   It improves your spell success rate.
   It affects your strength (+4).
   It affects your intelligence (+4).
   It protects you from acid and corrosion.
Wands
 b - a wand of mindburst (12)
 f - a wand of flame (13)
 g - a wand of digging (5)
 h - a wand of charming (15)
 C - a wand of iceblast (10)
 H - a wand of polymorph (24)
 O - a wand of acid (10)
 P - a wand of paralysis (7)
Scrolls
 d - 2 scrolls of magic mapping
 e - 3 scrolls of fear
 i - 2 scrolls of immolation
 k - 4 scrolls of blinking
 o - 8 scrolls of teleportation
 w - 3 scrolls of holy word
 y - 2 scrolls of summoning
 z - 3 scrolls of silence
 A - 3 scrolls of brand weapon
 G - a scroll of torment
 I - 10 scrolls of identify
 X - a scroll of vulnerability
 Y - a scroll of fog
Potions
 c - 2 potions of ambrosia
 l - a potion of curing
 p - 7 potions of lignification
 x - a potion of flight
 B - 7 potions of attraction
 J - 2 potions of heal wounds
 M - 2 potions of brilliance
 R - 4 potions of resistance
 S - 5 potions of haste
 U - 2 potions of invisibility
 W - 4 potions of mutation
Miscellaneous
 K - a phantom mirror


   Skills:
 + Level 14.5 Fighting
 + Level 13.3 Short Blades
 + Level 13.3 Long Blades
 + Level 13.3 Axes
 + Level 13.3 Maces & Flails
 + Level 13.9 Polearms
 + Level 13.3 Staves
 + Level 13.3 Slings
 + Level 13.3 Bows
 + Level 13.3 Crossbows
 + Level 13.3 Throwing
 + Level 13.3 Armour
 + Level 13.9 Dodging
 + Level 15.7 Stealth
 + Level 13.3 Shields
 + Level 13.3 Unarmed Combat
 + Level 13.3 Spellcasting
 + Level 11.4 Conjurations
 + Level 11.4 Hexes
 + Level 11.4 Summonings
 + Level 11.4 Necromancy
 + Level 11.4 Translocations
 + Level 11.4 Transmutations
 + Level 11.4 Fire Magic
 + Level 11.4 Ice Magic
 + Level 11.4 Air Magic
 + Level 11.4 Earth Magic
 + Level 11.4 Poison Magic
 + Level 14.3 Invocations
 + Level 13.3 Evocations


You had 17 spell levels left.
You knew the following spells:

 Your Spells              Type           Power      Damage    Failure   Level
a - Ensorcelled Hibernat  Hex/Ice        100%       N/A       5%          2
b - Spider Form           Tmut/Pois      28%        N/A       11%         3
c - Swiftness             Air            56%        N/A       11%         3
d - Tukima's Dance        Hex            56%        N/A       11%         3
e - Confusing Touch       Hex            56%        N/A       11%         3
f - Mephitic Cloud        Conj/Pois/Air  56%        N/A       11%         3
g - Blink                 Tloc           N/A        N/A       5%          2
h - Passwall              Tmut/Erth      46%        N/A       5%          2
i - Slow                  Hex            56%        N/A       5%          2
j - Apportation           Tloc           100%       N/A       3%          1
k - Cause Fear            Hex            28%        N/A       32%         4

Your spell library contained the following spells:

 Spells                   Type           Power      Damage    Failure   Level
 Animate Skeleton         Necr           100%       N/A       3%          1
 Beastly Appendage        Tmut           100%       N/A       3%          1
 Corona                   Hex            62%        N/A       3%          1
 Magic Dart               Conj           100%       1d8       3%          1
 Pain                     Necr           100%       1d9       3%          1
 Sandblast                Erth           100%       2d20      3%          1
 Shock                    Conj/Air       100%       1d9       3%          1
 Call Imp                 Summ           56%        N/A       5%          2
 Static Discharge         Conj/Air       56%        N/A       5%          2
 Wereblood                Tmut           56%        N/A       5%          2
 Conjure Flame            Conj/Fire      56%        6-21      11%         3
 Dazzling Flash           Conj/Hex       100%       N/A       11%         3
 Inner Flame              Hex/Fire       56%        N/A       11%         3
 Lesser Beckoning         Tloc           28%        N/A       11%         3
 Portal Projectile        Hex/Tloc       100%       N/A       11%         3
 Stone Arrow              Conj/Erth      100%       3d13      11%         3
 Vampiric Draining        Necr           28%        2d10      11%         3
 Airstrike                Air            28%        N/A       32%         4
 Animate Dead             Necr           28%        N/A       32%         4
 Ice Form                 Ice/Tmut       56%        N/A       32%         4
 Leda's Liquefaction      Hex/Erth       28%        N/A       32%         4
 Petrify                  Tmut/Erth      56%        N/A       32%         4
 Agony                    Necr           56%        N/A       65%         5
 Alistair's Intoxication  Tmut/Pois      37%        N/A       65%         5
 Hydra Form               Tmut           28%        N/A       65%         5
 Lee's Rapid Deconstruct  Erth           28%        3d16*     65%         5
 Lightning Bolt           Conj/Air       28%        1d44      65%         5
 Silence                  Hex/Air        28%        N/A       65%         5
 Summon Forest            Summ/Tloc      28%        N/A       65%         5
 Summon Mana Viper        Hex/Summ       56%        N/A       65%         5
 Yara's Violent Unravell  Hex/Tmut       28%        3d12      65%         5
 Invisibility             Hex            56%        N/A       99%         6
 Shadow Creatures         Summ           N/A        N/A       99%         6
 Statue Form              Tmut/Erth      37%        N/A       99%         6
 Summon Hydra             Summ           28%        N/A       100%        7
 Discord                  Hex            28%        N/A       100%        8


Dungeon Overview and Level Annotations

Branches:
Dungeon (15/15)            Temple (1/1) D:5            Lair (6/6) D:8
 Shoals (4/4) Lair:2       Spider (3/4) Lair:4        Slime (0/5) Lair:6
    Orc (2/2) D:12            Elf (1/3) Orc:2        Vaults (0/5) D:13
 Depths (4/5) D:15          Sewer (visited)           IceCv (visited)
Volcano (visited)

Altars:
Ashenzari
Cheibriados
Dithmenos
Elyvilon
Gozag
Makhleb
Nemelex Xobeh
Okawaru
Qazlal
Ru
Sif Muna
Uskayaw
Vehumet
Yredelemnul
Zin
The Shining One
Beogh
Jiyva

Shops:
D:6 **=   D:12 *=   D:14 *   Orc:2 **([[[=   Elf:1 (   Shoals:1 [   Shoals:4 =

Portals:
Abyss: Lair:5 Depths:4
Pandemonium: Depths:4
Ziggurat: Depths:4

Annotations:
Lair:6 exclusion: obsidian statue
Depths:4 Sojobo
Abyss:1 Frances; Louise; Nikola; Orlauf's ghost, novice DsGl


Innate Abilities, Weirdness & Mutations

You have very sharp teeth.
Your uncanny sense of smell can sniff out nearby items.
Your experience applies equally to all skills.
You are clumsy. (Dex -2)


Message History

You hit something. Something hits you. Something bites you but does no damage.
The ettin hits you with a +0 dire flail.
You block the ettin's attack. Something hits you but does no damage.
You block something's attack.
You slash the ettin!
You feel better.
The ettin is almost dead.
You slash something! The ettin closely misses you.
You block the ettin's attack. Something hits you but does no damage.
Something bites you but does no damage. You block the ettin's attack.
The ettin hits you but does no damage.
You hit the ettin.
You feel better.
The ettin is almost dead.
You completely miss something. You block something's attack.
Something bites you.
Something draws strength from your injuries!
Something hits you but does no damage. Something bites you but does no damage.
You block the ettin's attack. The ettin completely misses you.
You hit the ettin.
You feel better.
You bite the ettin, but do no damage.
The ettin is almost dead.
Your shield and gold dragon scales prevent you from hitting something.
You block something's attack. Something bites you but does no damage.
You block the ettin's attack.
The ettin hits you with a +0 dire flail!
You hear some strange, mumbled words.
You suddenly lose the ability to move!
Something hits you!
* * * LOW HITPOINT WARNING * * *
Something bites you but does no damage. The ettin hits you but does no damage.
The ettin hits you with a +0 dire flail!!
* * * LOW HITPOINT WARNING * * *
Something hits you!
* * * LOW HITPOINT WARNING * * *
Something bites you!
* * * LOW HITPOINT WARNING * * *
Something draws strength from your injuries!
The ettin hits you with a +0 dire flail.
* * * LOW HITPOINT WARNING * * *
The ettin hits you with a +0 dire flail!!
You die...
Your body crumbles into a pile of gold.

,,...#*.8,##...#.#...,,,,,,,,^,≈≈
,,....##.##..#.#....,.......,,,≈≈
,,.....#'#.........**#......,,,,,
,,......'...#.....#*,*#.......,,,
,,,.......#.#.....#,,,*.p..D..,,,
#*###............#*,,,,,..TV.,,,,
.,.........#.....#,,,,,,*#.3.∆,,,
,,.........#...#.#..3,,,,*#T#####
,,,..####+###..#@#...,,,,,#.TC..#
,,,,,* #.)....#C#,∩..,,,##..2..#
,,,*** #......#.#,,.3.###.3.T..#
,,,* #....#.#.#####.#..3.TT...
,,,*****#....#.............T.....
,,,*,,,...#####..#..............∩
,,,*,,.[...,.....#.#........#####
,,,*,......,.......#..###'..# *,,
,,,**#....,,................***,,


You could see an ettin.

Vanquished Creatures
  Arachne (Spider:2)
  Rupert (Lair:5)
  A tentacled starspawn (Abyss:3)
  Agnes (Spider:2)
  Roxanne (D:14)
  Donald (Spider:2)
  2 fire giants (Depths:1)
  A frost giant (Depths:4)
  Ilsuiw (Shoals:2)
  An orc warlord (Orc:2)
  2 emperor scorpions
  3 stone giants
  3 very ugly things (Depths:2)
  The ghost of Mysukhlell the Transmogrifier, a journeyman DrTm of Uskayaw (Lair:5)
  5 dire elephants (Lair:6)
  A spark wasp (Depths:4)
  5 merfolk impalers
  2 ettins
  A merfolk javelineer (Shoals:4)
  A great orb of eyes (Depths:2)
  A rakshasa (Depths:1)
  2 ogre magi
  3 ice dragons
  Erolcha (D:9)
  5 boulder beetles
  An alligator snapping turtle (Shoals:2)
  A merfolk avatar (Shoals:3)
  4 centaur warriors
  An anaconda (Lair:3)
  10 two-headed ogres
  10 hydras
  A catoblepas (Lair:6)
  2 satyrs (Shoals:3)
  6 death yaks
  A merfolk aquamancer (Shoals:3)
  An alligator (Lair:6)
  5 deep troll shamans
  A deep troll earth mage (Depths:2)
  An orc high priest (Orc:2)
  A spectral dire elephant (Lair:6)
  2 tengu warriors (D:15)
  7 deep elf knights
  3 hell knights
  Nergalle (Orc:2)
  3 wretched stars (Abyss:3)
  A salamander mystic (Depths:2)
  14 deep trolls
  2 glowing orange brains
  2 iron trolls (Depths:2)
  10 sea snakes
  The ghost of TODO the Insei, a novice OpTm of Gozag (D:7)
  A deep elf archer (Elf:1)
  3 large abominations
  A spectral anaconda (Lair:6)
  2 wizards
  23 harpies
  3 orc knights
  9 deep elf zephyrmancers (Elf:1)
  4 necromancers
  16 ugly things
  An oklob plant (Lair:5)
  19 orb spiders
  11 deep elf pyromancers
  A shining eye (shapeshifter) (Lair:5)
  27 wolf spiders
  9 cyclopes
  An orc sorcerer (Orc:2)
  18 elephants
  11 manticores
  A salamander (Depths:2)
  18 fauns
  13 cane toads
  4 torpor snails
  A water nymph (Shoals:3)
  9 merfolk sirens
  2 guardian serpents (shapeshifter) (D:13)
  2 ice statues (IceCv)
  2 dire elephant zombies (Lair:6)
  6 black mambas
  An orange demon (Lair:5)
  9 komodo dragons
  6 gargoyles
  8 unseen horrors
  Psyche (D:12)
  8 rime drakes
  4 tengu conjurers
  A komodo dragon (shapeshifter) (D:12)
  3 efreet
  6 ice devils (IceCv)
  A hellwing (Lair:5)
  10 demonic crawlers
  3 ancient zymes
  23 jumping spiders
  21 merfolk
  A red devil (Lair:5)
  5 trolls
  6 wind drakes
  7 hornets
  6 meliai (D:15)
  A wind drake (shapeshifter) (D:13)
  2 queen bees
  7 blink frogs (Lair:4)
  7 snapping turtles
  2 hornets (shapeshifter)
  19 dream sheep
  4 slime creatures (D:15)
  2 spectral elephants (Lair:6)
  3 raiju (Abyss:3)
  A snapping turtle (shapeshifter) (D:13)
  Sigmund (D:3)
  54 redbacks
  A spriggan (Lair:5)
  A ynoxinul (Abyss:3)
  A shadow (D:10)
  12 water elementals
  2 vampires
  22 tarantellas
  2 air elementals (Elf:1)
  2 wraiths
  46 yaks
  6 wyverns
  2 fire elementals (Elf:1)
  A death yak simulacrum (Lair:6)
  3 small abominations (Abyss:3)
  2 steam dragons
  4 vampire mosquitoes (D:14)
  A basilisk (Lair:3)
  4 spectral cane toads (Lair:6)
  A warg (Orc:2)
  3 acid dragons
  A meliai simulacrum (D:15)
  15 water moccasins
  A floating eye (shapeshifter) (Depths:2)
  15 orc warriors
  2 sky beasts (D:7)
  A black bear (Lair:3)
  An ice beast (D:7)
  3 elephant zombies (Lair:6)
  12 ogres
  3 centaurs
  15 wolves
  2 phantoms
  3 elephant skeletons (Lair:6)
  9 kobold brigands
  9 bullfrogs
  4 scorpions
  2 gnoll sergeants
  2 earth elementals
  5 cane toad simulacra
  A water moccasin skeleton (D:4)
  23 killer bees
  3 elephant simulacra (Lair:6)
  5 wights
  An electric eel (Lair:2)
  2 howler monkeys
  4 centaur zombies
  2 draconian simulacra (IceCv)
  3 hounds
  A bullfrog zombie (D:6)
  A jelly (D:8)
  13 orc priests
  A bullfrog skeleton (D:5)
  2 gnoll shamans (D:8)
  2 iguanas
  25 orc wizards
  2 spriggan simulacra (IceCv)
  3 troll simulacra (IceCv)
  2 killer bee zombies
  A centaur simulacrum (IceCv)
  A mummy (Depths:1)
  Robin (D:2)
  A howler monkey zombie (D:7)
  12 adders
  14 gnolls
  2 ogre simulacra (IceCv)
  A river rat (Sewer)
  A white imp (D:8)
  9 worms
  5 dart slugs
  70 orcs
  9 ball pythons
  6 endoplasms
  4 giant cockroaches
  15 goblins
  6 hobgoblins
  7 jackals
  16 kobolds
  6 quokkas
  A bat (D:1)
  A frilled lizard (D:2)
  2 jackal zombies (D:1)
  14 rats
  2 bushes
  2 starspawn tentacles (Abyss:3)
1116 creatures vanquished.

Vanquished Creatures (collateral kills)
  A polar bear (Lair:5)
1 creature vanquished.

Vanquished Creatures (others)
  3 dancing weapons (Elf:1)
  A deep elf knight (Elf:1)
  A deep elf zephyrmancer (Elf:1)
  A wolf spider (Spider:3)
  2 jumping spiders (Spider:2)
  A hornet (Depths:4)
  A slime creature (D:15)
  2 redbacks (Spider:2)
  5 yaks (D:11)
  2 demonic plants (Abyss:3)
  40 fungi
  A lurking horror (Lair:5)
  255 plants
  4 starspawn tentacles (Abyss:3)
  20 withered plants (Lair:6)
339 creatures vanquished.

Grand Total: 1456 creatures vanquished

Notes
Turn   | Place    | Note
-------+----------+-------------------------------------------
     0 | D:5      | Reached skill level 9 in Stealth
     0 | D:5      | flotson the Gnoll Delver began the quest for the Orb.
     0 | D:5      | Reached XP level 1. HP: 23/23 MP: 1/1
    25 | D:5      | Noticed a gnoll sergeant
    28 | D:5      | Noticed a phantom
   113 | D:4      | Reached XP level 2. HP: 19/29 MP: 2/2
   299 | D:3      | Found a glowing drain.
   404 | D:3      | Found a shimmering blue altar of Sif Muna.
   422 | Sewer    | Entered a sewer
   457 | Sewer    | Reached XP level 3. HP: 7/35 MP: 3/3
   742 | Sewer    | Noticed a kobold brigand
   760 | Sewer    | Killed a kobold brigand
   761 | Sewer    | Reached skill level 1 in Short Blades
   761 | Sewer    | Reached skill level 1 in Long Blades
   761 | Sewer    | Reached skill level 1 in Axes
   761 | Sewer    | Reached skill level 1 in Maces & Flails
   761 | Sewer    | Reached skill level 1 in Staves
   761 | Sewer    | Reached skill level 1 in Slings
   761 | Sewer    | Reached skill level 1 in Bows
   761 | Sewer    | Reached skill level 1 in Crossbows
   761 | Sewer    | Reached skill level 1 in Throwing
   761 | Sewer    | Reached skill level 1 in Armour
   761 | Sewer    | Reached skill level 1 in Shields
   761 | Sewer    | Reached skill level 1 in Unarmed Combat
   761 | Sewer    | Reached skill level 1 in Spellcasting
   761 | Sewer    | Reached skill level 1 in Conjurations
   761 | Sewer    | Reached skill level 1 in Hexes
   761 | Sewer    | Reached skill level 1 in Summonings
   761 | Sewer    | Reached skill level 1 in Necromancy
   761 | Sewer    | Reached skill level 1 in Translocations
   761 | Sewer    | Reached skill level 1 in Transmutations
   761 | Sewer    | Reached skill level 1 in Fire Magic
   761 | Sewer    | Reached skill level 1 in Ice Magic
   761 | Sewer    | Reached skill level 1 in Air Magic
   761 | Sewer    | Reached skill level 1 in Earth Magic
   761 | Sewer    | Reached skill level 1 in Poison Magic
   761 | Sewer    | Reached skill level 1 in Invocations
   761 | Sewer    | Reached skill level 1 in Evocations
   761 | Sewer    | Reached XP level 4. HP: 41/41 MP: 5/5
   823 | Sewer    | Noticed a kobold brigand
   836 | Sewer    | Killed a kobold brigand
   837 | Sewer    | Reached XP level 5. HP: 47/47 MP: 5/7
   872 | Sewer    | Noticed a kobold brigand
   882 | Sewer    | Killed a kobold brigand
   883 | Sewer    | Reached XP level 6. HP: 44/53 MP: 8/8
  1175 | Sewer    | Reached skill level 5 in Polearms
  1175 | Sewer    | Reached skill level 5 in Dodging
  1343 | Sewer    | Reached XP level 7. HP: 60/60 MP: 10/10
  1766 | D:2      | Noticed Robin
  1773 | D:2      | Killed Robin
  2090 | D:2      | Found a faded altar of an unknown god.
  3368 | D:3      | Noticed Sigmund
  3377 | D:3      | Killed Sigmund
  3378 | D:3      | Reached skill level 10 in Stealth
  3378 | D:3      | Reached XP level 8. HP: 43/67 MP: 12/12
  4390 | D:4      | Found a faded altar of an unknown god.
  4390 | D:4      | Found a faded altar of an unknown god.
  4397 | D:4      | Found a glowing golden altar of the Shining One.
  4399 | D:4      | Found a white marble altar of Elyvilon.
  4401 | D:4      | Found a stormy altar of Qazlal.
  4850 | D:5      | HP: 3/67 [gnoll sergeant/+3 spear of venom (14)]
  5016 | D:5      | Found a staircase to the Ecumenical Temple.
  5051 | Temple   | Entered the Ecumenical Temple
  5072 | Temple   | Became a worshipper of Gozag Ym Sagoz the Greedy
  5198 | D:5      | Reached XP level 9. HP: 49/72 MP: 14/14
  5584 | D:5      | Identified the +0 ring mail "Ceumon" {rElec SInv Stlth+}
  6033 | D:6      | Found Joyrit's General Store.
  6041 | D:6      | Bought 2 throwing nets for 66 gold pieces
  6183 | D:6      | Found a transporter.
  6185 | D:6      | Found a transporter.
  6185 | D:6      | Noticed a queen bee
  6186 | D:6      | Noticed Orlauf's ghost (novice DsGl)
  6196 | D:6      | Noticed a hornet
  6541 | D:6      | Found Gountob's Jewellery Shoppe.
  6860 | D:6      | Found Gonacsut's General Store.
  7605 | D:6      | Bought the +4 ring mail "Meiwaenyd" {Str+4 Stlth+} for 464
                  | gold pieces
  7643 | D:7      | Found a runed translucent gate.
  7644 | D:7      | Found a runed translucent gate.
  7645 | D:7      | Found a runed translucent gate.
  7647 | D:7      | Noticed TODO's ghost (novice OpTm)
  7819 | D:6      | Reached skill level 5 in Invocations
  8396 | D:8      | Reached XP level 10. HP: 76/79 MP: 17/17
  8690 | D:7      | Reached skill level 5 in Short Blades
  8690 | D:7      | Reached skill level 5 in Long Blades
  8690 | D:7      | Reached skill level 5 in Axes
  8690 | D:7      | Reached skill level 5 in Maces & Flails
  8690 | D:7      | Reached skill level 5 in Staves
  8690 | D:7      | Reached skill level 5 in Slings
  8690 | D:7      | Reached skill level 5 in Bows
  8690 | D:7      | Reached skill level 5 in Crossbows
  8690 | D:7      | Reached skill level 5 in Throwing
  8690 | D:7      | Reached skill level 5 in Armour
  8690 | D:7      | Reached skill level 5 in Shields
  8690 | D:7      | Reached skill level 5 in Unarmed Combat
  8690 | D:7      | Reached skill level 5 in Spellcasting
  8690 | D:7      | Reached skill level 5 in Evocations
  8772 | D:8      | Found a staircase to the Lair.
 10526 | D:9      | Noticed a six-headed hydra
 10532 | D:9      | Killed a six-headed hydra
 10587 | D:9      | Noticed Erolcha
 10664 | D:9      | Killed Erolcha
 10665 | D:9      | Reached skill level 11 in Stealth
 11231 | D:6      | Bought a ring of poison resistance for 220 gold pieces
 11474 | D:9      | Reached XP level 11. HP: 87/87 MP: 19/19
 12029 | D:10     | Entered Level 10 of the Dungeon
 12273 | D:10     | Reached skill level 5 in Conjurations
 12273 | D:10     | Reached skill level 5 in Hexes
 12273 | D:10     | Reached skill level 5 in Summonings
 12273 | D:10     | Reached skill level 5 in Necromancy
 12273 | D:10     | Reached skill level 5 in Translocations
 12273 | D:10     | Reached skill level 5 in Transmutations
 12273 | D:10     | Reached skill level 5 in Fire Magic
 12273 | D:10     | Reached skill level 5 in Ice Magic
 12273 | D:10     | Reached skill level 5 in Air Magic
 12273 | D:10     | Reached skill level 5 in Earth Magic
 12273 | D:10     | Reached skill level 5 in Poison Magic
 13439 | Lair:1   | Entered Level 1 of the Lair of Beasts
 13503 | Lair:1   | Noticed a five-headed hydra
 13764 | Lair:1   | Noticed a four-headed hydra
 14214 | D:6      | Bought a +4 ring of slaying for 858 gold pieces
 14771 | D:11     | Noticed a two-headed ogre
 14943 | D:11     | Noticed a cyclops
 14943 | D:11     | Noticed a seven-headed hydra
 15074 | Lair:1   | Killed a four-headed hydra
 15751 | Lair:1   | Killed a five-headed hydra
 15928 | Lair:2   | Reached XP level 12. HP: 47/96 MP: 18/22
 16092 | Lair:2   | Found a frozen archway.
 16201 | IceCv    | Entered an ice cave
 18518 | Lair:2   | Noticed a six-headed hydra
 18530 | Lair:2   | Killed a six-headed hydra
 19206 | Lair:2   | Found a staircase to the Shoals.
 20060 | D:6      | Bought a scroll of acquirement for 572 gold pieces
 20060 | D:6      | Acquired 1049 gold pieces
 20344 | Lair:3   | Reached skill level 10 in Fighting
 21486 | Lair:4   | Reached skill level 12 in Stealth
 21772 | Lair:4   | Reached XP level 13. HP: 63/103 MP: 15/24
 23655 | Lair:4   | Found a hole to the Spider Nest.
 25250 | Lair:5   | Reached skill level 10 in Polearms
 25250 | Lair:5   | Reached skill level 10 in Dodging
 25250 | Lair:5   | Reached XP level 14. HP: 111/111 MP: 26/26
 25266 | Lair:5   | Found a transporter.
 25295 | Lair:5   | Found a dark tunnel.
 25300 | Volcano  | Entered a volcano
 25698 | Volcano  | Noticed a stone giant
 26267 | Lair:5   | Noticed Rupert
 26273 | Lair:5   | Killed Rupert
 26440 | Lair:5   | Found a transporter.
 26447 | Lair:5   | Found a one-way gate to the infinite horrors of the Abyss.
 26447 | Lair:5   | Noticed Mysukhlell's ghost (journeyman DrTm)
 26567 | Lair:5   | Reached skill level 10 in Invocations
 26702 | Lair:5   | Reached XP level 15. HP: 118/118 MP: 28/28
 26748 | Lair:6   | Entered Level 6 of the Lair of Beasts
 26748 | Lair:6   | Found a viscous altar of Jiyva.
 26748 | Lair:6   | Found a staircase to the Slime Pits.
 26824 | Lair:6   | Learned a level 2 spell: Ensorcelled Hibernation
 26828 | Lair:6   | Learned a level 3 spell: Spider Form
 26832 | Lair:6   | Learned a level 3 spell: Swiftness
 26836 | Lair:6   | Learned a level 3 spell: Tukima's Dance
 26840 | Lair:6   | Learned a level 3 spell: Confusing Touch
 28366 | Lair:6   | Reached skill level 13 in Stealth
 32428 | D:10     | Reached skill level 10 in Short Blades
 32428 | D:10     | Reached skill level 10 in Long Blades
 32428 | D:10     | Reached skill level 10 in Axes
 32428 | D:10     | Reached skill level 10 in Maces & Flails
 32428 | D:10     | Reached skill level 10 in Staves
 32428 | D:10     | Reached skill level 10 in Slings
 32428 | D:10     | Reached skill level 10 in Bows
 32428 | D:10     | Reached skill level 10 in Crossbows
 32428 | D:10     | Reached skill level 10 in Throwing
 32428 | D:10     | Reached skill level 10 in Armour
 32428 | D:10     | Reached skill level 10 in Shields
 32428 | D:10     | Reached skill level 10 in Unarmed Combat
 32428 | D:10     | Reached skill level 10 in Spellcasting
 32428 | D:10     | Reached skill level 10 in Evocations
 33001 | D:11     | Identified the +7 rapier of Gepunasm {distort, rElec rN+
                  | Str+2 Stlth+}
 33474 | D:12     | Reached XP level 16. HP: 127/127 MP: 30/30
 33589 | D:12     | Found Ydizxen's Jewellery Shop.
 33660 | D:12     | Found Zin's Purification Station.
 33662 | D:12     | Found a glowing silver altar of Zin.
 33872 | D:12     | Found a staircase to the Orcish Mines.
 34018 | D:12     | Noticed Psyche
 34025 | D:12     | Killed Psyche
 34218 | Orc:1    | Entered Level 1 of the Orcish Mines
 34253 | Orc:1    | Reached XP level 17. HP: 133/133 MP: 31/31
 34612 | Orc:2    | Entered Level 2 of the Orcish Mines
 34666 | Orc:2    | Found Plog's Assorted Antiques.
 35196 | Orc:2    | Found a staircase to the Elven Halls.
 35370 | Orc:2    | HP: 1/133 [orc priest/divine providence (13)]
 36319 | Orc:2    | Noticed Nergalle
 36694 | Orc:2    | Killed Nergalle
 36715 | Orc:2    | Found Umnam's Antique Weapon Emporium.
 36744 | Orc:2    | Found Arazah's General Store.
 37198 | Orc:2    | Found Ocsanuc's Antique Armour Emporium.
 37214 | Orc:2    | Found Retoph's Jewellery Emporium.
 37358 | Orc:2    | Bought a smelly leather armour for 287 gold pieces
 37358 | Orc:2    | Identified the +2 leather armour of Supple Strength {Fly
                  | rElec Int+7} (You bought it in a shop on level 2 of the
                  | Orcish Mines)
 37358 | Orc:2    | Bought a translucent ring mail for 369 gold pieces
 37358 | Orc:2    | Identified the +5 ring mail of Ihipn {rElec rF- Will-
                  | Str+8} (You bought it in a shop on level 2 of the Orcish
                  | Mines)
 37358 | Orc:2    | Bought a pair of fading boots for 389 gold pieces
 37358 | Orc:2    | Identified the +0 pair of boots of the Equinox {rF+} (You
                  | bought it in a shop on level 2 of the Orcish Mines)
 37358 | Orc:2    | Bought a runed helmet for 307 gold pieces
 37389 | Orc:2    | Bought the ring "Tipomoif" {rElec rF+ EV+4 Int+5} for 945
                  | gold pieces
 37396 | Orc:2    | Bought a scorched chain mail for 323 gold pieces
 37396 | Orc:2    | Identified the +1 chain mail of the Hart {rN+ Will+ Regen+}
                  | (You bought it in a shop on level 2 of the Orcish Mines)
 37396 | Orc:2    | Bought a scorched chain mail for 323 gold pieces
 37396 | Orc:2    | Identified the +2 chain mail of Xuquxoq {Rampage +Inv
                  | Str+6} (You bought it in a shop on level 2 of the Orcish
                  | Mines)
 37396 | Orc:2    | Bought a glowing helmet for 255 gold pieces
 37499 | D:13     | Learned a level 3 spell: Mephitic Cloud
 37825 | D:13     | Found a gate to the Vaults.
 38369 | D:14     | Found an iron altar of Okawaru.
 39114 | D:14     | Found Seunarghu's General Store.
 39168 | D:14     | Identified Roxanne's Incunabulum of Transmutation
 39168 | D:14     | Noticed Roxanne
 39545 | D:14     | Killed Roxanne
 39702 | D:14     | Noticed Frances
 39706 | D:14     | Banished Frances
 40056 | D:15     | Entered Level 15 of the Dungeon
 40828 | D:15     | Reached skill level 14 in Stealth
 40972 | D:15     | Learned a level 2 spell: Blink
 40975 | D:15     | Learned a level 2 spell: Passwall
 40978 | D:15     | Learned a level 2 spell: Slow
 41542 | D:15     | Found a staircase to the Depths.
 41728 | Elf:1    | Entered Level 1 of the Elven Halls
 43131 | Spider:1 | Entered Level 1 of the Spider Nest
 43142 | Spider:1 | Reached XP level 18. HP: 136/137 MP: 33/33
 43203 | Spider:1 | Noticed Nikola
 43222 | Spider:1 | Banished Nikola
 44852 | Lair:5   | Gained mutation: You are clumsy. (Dex -2) [a shining eye]
 45242 | Lair:5   | Killed Mysukhlell's ghost
 45552 | D:7      | Killed TODO's ghost
 45645 | D:6      | Banished Orlauf's ghost
 45952 | Shoals:1 | Entered Level 1 of the Shoals
 45952 | Shoals:1 | Found Utril's Antique Armour Shoppe.
 46165 | Shoals:1 | Bought an ichor-stained tower shield for 218 gold pieces
 46165 | Shoals:1 | Identified the -3 tower shield of Fyamatun {rPois Will-
                  | Regen+ Int+3} (You bought it in a shop on level 1 of the
                  | Shoals)
 46411 | Shoals:1 | Reached skill level 10 in Conjurations
 46411 | Shoals:1 | Reached skill level 10 in Hexes
 46411 | Shoals:1 | Reached skill level 10 in Summonings
 46411 | Shoals:1 | Reached skill level 10 in Necromancy
 46411 | Shoals:1 | Reached skill level 10 in Translocations
 46411 | Shoals:1 | Reached skill level 10 in Transmutations
 46411 | Shoals:1 | Reached skill level 10 in Fire Magic
 46411 | Shoals:1 | Reached skill level 10 in Ice Magic
 46411 | Shoals:1 | Reached skill level 10 in Air Magic
 46411 | Shoals:1 | Reached skill level 10 in Earth Magic
 46411 | Shoals:1 | Reached skill level 10 in Poison Magic
 47800 | Shoals:2 | Noticed Ilsuiw
 47854 | Shoals:2 | Killed Ilsuiw
 48805 | Shoals:2 | HP: 5/143 [merfolk/+0 trident (6)]
 49802 | Shoals:2 | Found a runed translucent door.
 50874 | Shoals:3 | Noticed Louise
 50879 | Shoals:3 | Banished Louise
 51509 | Depths:1 | Entered Level 1 of the Depths
 51520 | Depths:1 | Reached XP level 19. HP: 143/144 MP: 35/35
 51545 | Depths:1 | You fall into a shaft and drop 1 floor!
 51783 | Depths:2 | Learned a level 1 spell: Apportation
 51788 | Depths:2 | Learned a level 4 spell: Cause Fear
 51788 | Depths:2 | Identified the +3 halberd of Cowardice {vorpal, Fly rF++
                  | Str-2}
 51971 | Depths:2 | Identified the +0 leather armour of Pride {-Tele Rampage
                  | Str+6 Stlth+}
 51985 | Depths:2 | You fall into a shaft and drop 2 floors!
 52210 | Depths:4 | Noticed Sojobo
 52227 | Depths:4 | Found a one-way gate leading to the halls of Pandemonium.
 52700 | Depths:2 | Identified the +6 quarterstaff "Noumiasoo" {vorpal, Str+6}
 52825 | Depths:1 | Found a snail-covered altar of Cheibriados.
 53474 | Orc:2    | Bought runed gold dragon scales for 3320 gold pieces
 53723 | Elf:1    | Reached skill level 15 in Stealth
 53754 | Elf:1    | Identified the +1 scale mail of the Endless Expanse {Regen+
                  | Str+9}
 54809 | Elf:1    | Found Usyrph's Weapon Emporium.
 56807 | Spider:2 | Noticed Arachne
 57101 | D:6      | Bought the ring "Jips" {Wiz rCorr Str+4 Int+4} for 653 gold
                  | pieces
 57614 | Orc:2    | Bought a scroll of enchant armour for 135 gold pieces
 58539 | Shoals:3 | HP: 4/152 [wind drake/the air (12)]
 58627 | Lair:3   | Reached XP level 20. HP: 65/159 MP: 29/36
 59013 | Spider:2 | Noticed Donald
 59028 | Spider:2 | Killed Donald
 59341 | Spider:2 | Killed Arachne
 59364 | Spider:2 | Noticed Agnes
 59412 | Spider:2 | HP: 7/159 [Agnes/+5 lajatang of venom (7)]
 59416 | Spider:2 | HP: 3/159 [Agnes/+5 lajatang of venom (7)]
 60003 | Spider:2 | Killed Agnes
 62935 | Shoals:4 | Entered Level 4 of the Shoals
 62935 | Shoals:4 | Found Vyox Giy's Jewellery Emporium.
 64176 | Shoals:4 | Cast into level 3 of the Abyss (merfolk)
 64444 | Shoals:4 | Escaped the Abyss
 81219 | Depths:1 | You fall into a shaft and drop 1 floor!
 82240 | Depths:2 | You fall into a shaft and drop 2 floors!
 82267 | Depths:4 | Found a gateway to a ziggurat.
 82311 | Depths:4 | Paralysed by something for 6 turns
 82313 | Depths:4 | HP: 7/160 [something (8)]
 82313 | Depths:4 | Annihilated by an ettin

Illustrated notes

Levels and vault maps discovered:
D:1:      saegor_arrival_fortress, layout_basic
D:2:      layout_loops_cross, hellmonk_ecumenical_altar_heavens_door, uniq_robin
D:3:      layout_basic, nicolae_overflow_hidden_temple, portal_sewer_entry_a,
          uniq_sigmund
D:4:      layout_basic, chequers_temple_overflow_minitemple
D:5:      layout_layer_cave, minmay_temple_entry_large_hall,
          lexackson_kobold_supper
D:6:      layout_layer_cave, gammafunk_ghost_hive, serial_shops,
          nicolae_shop_statue_plus, kennysheep_mini, nicolae_shop_crystal
D:7:      layout_basic, ebering_ghost_rock_garden
D:8:      layout_loops_cross, dpeg_oklobed_lair, chequers_garden,
          kennysheep_generic_room_6
D:9:      layout_loops_ring, nicolae_looking_at_the_future, uniq_erolcha
D:10:     layout_irregular_city, kb_lookout_dungeons_type
D:11:     layout_gridville, lemuel_flame_loot_1
D:12:     layout_stronghold, david_orc_2, serial_shops, shop,
          minmay_misc_feat_doors, hangedman_decor_diamond_cutter, zin_purify,
          uniq_psyche
D:13:     layout_long_grid, david_vaults_4, corexii_leaking_fountain
D:14:     layout_stronghold, serial_shops,
          nicolae_shop_temple_entry_statues_fountains, minmay_misc_feat_chi,
          minmay_misc_feat_encased, okawaru_metal_pillars_1_2, uniq_roxanne,
          uniq_frances
D:15:     grunt_enter_depths_snipers, layout_rooms, dk_noncrumbling_4
Temple:   compressed_dpeg_circular_temple
Lair:1:   layout_roguey
Lair:2:   layout_chaotic_city, elwin_shoals_entry_rooms,
          portal_ice_cave_entry_pillars_2, serial_bayou_shore_a
Lair:3:   layout_hall_layers, grunt_megastairs_4
Lair:4:   nzn_winding_woodlands_stair_cross [nzn_winding_woodlands_5x15_jagged,
          nzn_winding_woodlands_center_lodge,
          nzn_winding_woodlands_5x15_pockets,
          nzn_winding_woodlands_5x5_perimeter,
          nzn_winding_woodlands_5x5_checkerboard,
          nzn_winding_woodlands_5x15_longhouse,
          nzn_winding_woodlands_center_garden,
          nzn_winding_woodlands_5x15_zeroes], layout_long_grid,
          spider_nest_entry_webs
Lair:5:   layout_misc_corridors, enter_volcano_4,
          gammafunk_ghost_abyssal_escape, uniq_rupert
Lair:6:   due_jungle_book, layout_small_grid, slime_altar_1
Shoals:1: layout_shoals, serial_shops, nicolae_shop_stone,
          nicolae_shoals_square_sea_wall, abandoned_shop
Shoals:2: layout_shoals, lightli_airlock, uniq_ilsuiw
Shoals:3: layout_shoals, uniq_louise
Shoals:4: shoals_end_grunt_garden, layout_shoals, serial_shops, shop
Spider:1: layout_spider_delve, uniq_nikola
Spider:2: layout_spider_delve, nicolae_spider_circle_web, uniq_arachne,
          uniq_agnes, uniq_donald
Spider:3: layout_spider_delve, drop_trap
Orc:1:    layout_diamond_mine
Orc:2:    grunt_orc_cross, layout_caves, serial_shops,
          nicolae_shop_temple_entry_statues_fountains, lightli_orcish_oven
Elf:1:    eino_elf_arrival_the_gate, layout_loops_cross, serial_shops,
          nicolae_shop_window_shopping, hangedman_elven_crosses_minicolossus
Depths:1: layout_honeycomb, minmay_room_of_horrors, nrook_campfire,
          grunt_hell_entry_dis_old, slow_altar_1
Depths:2: minmay_slanted_spiral_squares, layout_cave_pools,
          pf_hell_entry_tar_river, serial_glass, glass_columns_c,
          glass_columns_a, feat_on_display, item_on_display_a,
          item_on_display_a, due_unseen_surprise, minivault_11,
          kennysheep_pointless_box, firewood_loft
Depths:3: lemuel_flame_loot_2, layout_gridlike, lemuel_tele_altar,
          abyss_entry_crystal, grunt_pan_entry_in_and_out, hell_entry,
          special_room [special_room_morgue], kennysheep_crisscross,
          yredelemnul_forgotten_temple_becter, infiniplex_staircase_river,
          uniq_xtahua, uniq_aizul
Depths:4: hangedman_elemental_death_ray, layout_basic, enter_ziggurat_e,
          hell_entry, rand_demon_pan_entry_8, abyss_entry,
          grunt_decor_arrowhead, uniq_sojobo

Skill      XL: |  1  2  3  4  5  6  7  8  9 10 11 12 13 14 15 16 17 18 19 20 |
---------------+-------------------------------------------------------------+-----
Stealth        | 10 11 12 13 14 15 | 15.7
Short Blades   | 1 2 3 4 5 6 7 8 9 10 11 12 13 | 13.3
Long Blades    | 1 2 3 4 5 6 7 8 9 10 11 12 13 | 13.3
Axes           | 1 2 3 4 5 6 7 8 9 10 11 12 13 | 13.3
Maces & Flails | 1 2 3 4 5 6 7 8 9 10 11 12 13 | 13.3
Staves         | 1 2 3 4 5 6 7 8 9 10 11 12 13 | 13.3
Slings         | 1 2 3 4 5 6 7 8 9 10 11 12 13 | 13.3
Bows           | 1 2 3 4 5 6 7 8 9 10 11 12 13 | 13.3
Crossbows      | 1 2 3 4 5 6 7 8 9 10 11 12 13 | 13.3
Throwing       | 1 2 3 4 5 6 7 8 9 10 11 12 13 | 13.3
Armour         | 1 2 3 4 5 6 7 8 9 10 11 12 13 | 13.3
Shields        | 1 2 3 4 5 6 7 8 9 10 11 12 13 | 13.3
Unarmed Combat | 1 2 3 4 5 6 7 8 9 10 11 12 13 | 13.3
Spellcasting   | 1 2 3 4 5 6 7 8 9 10 11 12 13 | 13.3
Conjurations   | 1 2 3 4 5 6 7 8 9 10 11 | 11.4
Hexes          | 1 2 3 4 5 6 7 8 9 10 11 | 11.4
Summonings     | 1 2 3 4 5 6 7 8 9 10 11 | 11.4
Necromancy     | 1 2 3 4 5 6 7 8 9 10 11 | 11.4
Translocations | 1 2 3 4 5 6 7 8 9 10 11 | 11.4
Transmutations | 1 2 3 4 5 6 7 8 9 10 11 | 11.4
Fire Magic     | 1 2 3 4 5 6 7 8 9 10 11 | 11.4
Ice Magic      | 1 2 3 4 5 6 7 8 9 10 11 | 11.4
Air Magic      | 1 2 3 4 5 6 7 8 9 10 11 | 11.4
Earth Magic    | 1 2 3 4 5 6 7 8 9 10 11 | 11.4
Poison Magic   | 1 2 3 4 5 6 7 8 9 10 11 | 11.4
Invocations    | 1 2 3 4 5 6 7 8 9 10 11 12 13 14 | 14.3
Evocations     | 1 2 3 4 5 6 7 8 9 10 11 12 13 | 13.3
Polearms       | 5 6 7 8 9 10 11 12 13 | 13.9
Dodging        | 5 6 7 8 9 10 11 12 13 | 13.9
Fighting       | 7 8 9 10 11 12 13 14 | 14.5

Action                   |  1- 3 |  4- 6 |  7- 9 | 10-12 | 13-15 | 16-18 | 19-21 || total
-------------------------+-------+-------+-------+-------+-------+-------+-------++-------
Melee: Spear             |    39 |     3 |       |       |       |       |       ||    42
       Bite              |     1 |       |    30 |    83 |   149 |   180 |   206 ||   649
       Short sword       |       |       |   401 |   101 |       |       |       ||   502
       Punch             |       |       |     1 |       |       |       |       ||     1
       Hand axe          |       |       |       |   347 |       |       |       ||   347
       Hand crossbow     |       |       |       |     1 |       |       |       ||     1
       War axe           |       |       |       |   101 |   849 |       |       ||   950
       Scimitar          |       |       |       |       |    16 |       |       ||    16
       Rapier            |       |       |       |       |    10 |  1249 |   421 ||  1680
       Broad axe         |       |       |       |       |       |       |  1258 ||  1258
 Fire: Hand crossbow     |       |    62 |    93 |   405 |   141 |       |       ||   701
       Fustibalus        |       |       |       |       |       |       |    59 ||    59
Throw: Dart              |     2 |     6 |    12 |     8 |    23 |     2 |       ||    53
       Throwing net      |       |     1 |       |       |       |     1 |       ||     2
       Boomerang         |       |       |       |       |     5 |   142 |    69 ||   216
 Cast: Mephitic Cloud    |       |       |       |       |       |    20 |       ||    20
       Apportation       |       |       |       |       |       |       |     1 ||     1
Invok: Call Merchant     |       |       |       |       |       |     2 |       ||     2
 Abil: Evoke Invisibilit |       |       |       |       |       |     1 |     1 ||     2
Evoke: Wand              |       |       |       |    24 |     1 |     3 |    15 ||    43
       Phantom mirror    |       |       |       |       |     1 |     1 |     1 ||     3
  Use: Potion            |       |       |     4 |     6 |     4 |     6 |     9 ||    29
       Scroll            |       |       |     3 |    18 |     6 |    10 |    33 ||    70
 Stab: Sleeping          |     5 |       |    48 |    20 |     4 |    24 |     2 ||   103
       Distracted        |       |       |     2 |     2 |     7 |     9 |     8 ||    28
       Confused          |       |       |       |       |       |     4 |       ||     4
       Invisible         |       |       |       |       |       |     2 |       ||     2
       Held in net/web   |       |       |       |       |       |     1 |       ||     1
       Paralysed         |       |       |       |       |       |       |     8 ||     8
Armor: Leather armour    |     2 |       |    45 |       |       |       |       ||    47
       Ring mail         |       |       |    99 |   308 |   374 |    26 |       ||   807
       Chain mail        |       |       |       |       |       |   309 |    58 ||   367
       Gold dragon scale |       |       |       |       |       |       |  1364 ||  1364
Dodge: Dodged            |    17 |    15 |   184 |   391 |   400 |   466 |   828 ||  2301
       Repelled          |     2 |     1 |     3 |    10 |    11 |    13 |    21 ||    61
Block: Kite shield       |       |       |     2 |       |     7 |    16 |       ||    25
       Tower shield      |       |       |   118 |   780 |   908 |  1125 |  2231 ||  5162
       Reflection        |       |       |       |       |       |       |     2 ||     2
       Rpst.: Scimitar   |       |       |       |       |     1 |       |       ||     1

Table legend: (Time is in decaauts)
 A = Elapsed time spent in this place.
 B = Non-inter-level travel time spent in this place.
 C = Inter-level travel time spent in this place.
 D = Time resting spent in this place.
 E = Time spent auto-exploring this place.
 F = Levels seen in this place.
 G = Mean time per level.
                   A        B        C        D        E       F      G
               +--------+--------+--------+--------+--------+-----+--------+
         Total |  84104 |  76650 |   7454 |  25692 |  37734 |  40 | 2102.6 |
       Dungeon |  38111 |  33946 |   4165 |  17356 |  13074 |  15 | 2540.7 |
        Temple |     41 |     21 |     20 |      0 |     17 |   1 |   41.0 |
          Lair |  17816 |  15584 |   2232 |   2533 |   9998 |   6 | 2969.3 |
        Shoals |   8648 |   8371 |    277 |   1649 |   4794 |   4 | 2162.0 |
   Spider Nest |   5975 |   5714 |    261 |    744 |   3506 |   3 | 1991.7 |
  Orcish Mines |   4371 |   3944 |    427 |   1511 |   1691 |   2 | 2185.5 |
   Elven Halls |   1961 |   1893 |     68 |      0 |   1468 |   1 | 1961.0 |
        Depths |   2900 |   2898 |      2 |    932 |   1122 |   4 |  725.0 |
         Abyss |    304 |    304 |      0 |      0 |     43 |   1 |  304.0 |
         Sewer |   1466 |   1466 |      0 |      3 |   1108 |   1 | 1466.0 |
      Ice Cave |   2095 |   2095 |      0 |    923 |    642 |   1 | 2095.0 |
       Volcano |    410 |    410 |      0 |     39 |    268 |   1 |  410.0 |
               +--------+--------+--------+--------+--------+-----+--------+

Top non-repeatable levels by time:
     D:8: 19608 daAuts
  Lair:6: 4771 daAuts
  Lair:4: 3751 daAuts
Shoals:2: 3376 daAuts
Spider:1: 2902 daAuts
  Lair:3: 2880 daAuts
   Orc:2: 2681 daAuts
Shoals:3: 2580 daAuts
  Lair:5: 2538 daAuts
Shoals:1: 2329 daAuts
  Lair:2: 2139 daAuts
     D:6: 2108 daAuts
   IceCv: 2095 daAuts
   Elf:1: 1961 daAuts
    D:15: 1874 daAuts
